 Dungeon Sprint DCSS version 0.28-a0-1387-g3a22ab9bdc (webtiles) character file.

Game seed: 4863365313009466985

22 greenreed the Chiller (level 2, 0/21 HPs)
             Began as a Gnoll Ice Elementalist on Jan 2, 2022.
             Slain by a phantom (3 damage)
             ... in the Dungeon (Sprint III: "The Ten Rune Challenge").
             The game lasted 00:01:10 (161 turns).

greenreed the Chiller (Gnoll Ice Elementalist)       Turns: 161, Time: 00:01:11

Health: 0/21       AC:  2    Str:  7    XL:     2   Next: 91%
Magic:  8/8        EV: 13    Int: 14    God:
Gold:   0          SH:  0    Dex: 12    Spells: 10/11 levels left

rFire   . . .      SeeInvis .   h - +0 falchion
rCold   . . .      Faith    .   (no shield)
rNeg    . . .      Spirit   .   a - +0 robe
rPois   .          Reflect  .   (no helmet)
rElec   .          Harm     .   (no cloak)
rCorr   .          Rampage  .   (no gloves)
Will    .....      NoTele   +   (no boots)
Stlth   +++.......              (no amulet)
HPRegen 0.07/turn               (no ring)
MPRegen 0.11/turn               (no ring)

@: no status effects
A: fangs 1, strong nose, distributed training
a: no special abilities


You were in the Dungeon.
You visited 1 branch

Inventory:

Hand Weapons
 h - a +0 falchion (weapon)
Armour
 a - a +0 robe (worn)
Scrolls
 g - a scroll of blinking
Potions
 b - a potion of curing
 d - a potion of haste
 e - 2 potions of magic
 f - a potion of berserk rage


   Skills:
 + Level 1.6 Fighting
 + Level 1.6 Short Blades
 + Level 1.6 Long Blades
 + Level 1.6 Axes
 + Level 1.6 Maces & Flails
 + Level 1.6 Polearms
 + Level 1.6 Staves
 + Level 1.6 Slings
 + Level 1.6 Bows
 + Level 1.6 Crossbows
 + Level 1.6 Throwing
 + Level 1.6 Armour
 + Level 4.8 Dodging
 + Level 4.4 Stealth
 + Level 1.6 Shields
 + Level 1.6 Unarmed Combat
 + Level 5.2 Spellcasting
 + Level 1.3 Conjurations
 + Level 1.3 Hexes
 + Level 1.3 Summonings
 + Level 1.3 Necromancy
 + Level 1.3 Translocations
 + Level 1.3 Transmutations
 + Level 1.3 Fire Magic
 + Level 7.2 Ice Magic
 + Level 1.3 Air Magic
 + Level 1.3 Earth Magic
 + Level 1.3 Poison Magic
 + Level 1.8 Invocations
 + Level 1.6 Evocations


You had 10 spell levels left.
You knew the following spells:

 Your Spells              Type           Power      Damage    Failure   Level
a - Freeze                Ice            92%        1d10      1%          1

Your spell library contained the following spells:

 Spells                   Type           Power      Damage    Failure   Level
 Frozen Ramparts          Ice            46%        1d6       2%          3
 Ozocubu's Armour         Ice            23%        N/A       2%          3
 Hailstorm                Conj/Ice       15%        3d5       28%         4


Dungeon Overview and Level Annotations

Branches:
Dungeon (1/1)

Altars:


Innate Abilities, Weirdness & Mutations

You have very sharp teeth.
Your uncanny sense of smell can sniff out nearby items.
Your experience applies equally to all skills.


Message History

Your Poison Magic skill increases to level 1!
Your Evocations skill increases to level 1!
You have reached level 2!
A phantom comes into view.
You closely miss the phantom. The phantom hits you!
The phantom hits you but does no damage.
You miss the phantom. The phantom barely misses you.
You hit the phantom but do no damage. You bite the phantom, but do no damage.
The phantom hits you!
* * * LOW HITPOINT WARNING * * *
You barely miss the phantom. You bite the phantom, but do no damage.
The phantom hits you but does no damage.
You closely miss the phantom. The phantom hits you.
* * * LOW HITPOINT WARNING * * *
You feel much better. The phantom barely misses you.
You closely miss the phantom. The phantom barely misses you.
The phantom hits you.
You closely miss the phantom. The phantom barely misses you.
You closely miss the phantom. The phantom barely misses you.
You miss the phantom. The phantom barely misses you.
You hit the phantom.
The phantom is heavily damaged.
The phantom barely misses you. The phantom hits you.
Press: ? - help, v - describe, . - travel The floor.
You closely miss the phantom.
The phantom is heavily damaged.
The phantom hits you.
You miss the phantom. Your bite misses the phantom.
The phantom is moderately damaged.
The phantom hits you.
* * * LOW HITPOINT WARNING * * *
You hit the phantom but do no damage.
The phantom is moderately damaged.
The phantom hits you.
* * * LOW HITPOINT WARNING * * *
You barely miss the phantom.
The phantom is moderately damaged.
The phantom completely misses you. The phantom hits you.
You die...

▓.....#....≈♣♣ .#
▓.....#...≈≈.♣ ♣.#
▓....(#..≈≈≈≈♣♣♣..+
▓####'#..≈≈≈≈≈≈.♣.#
▓.....#.≈≈≈≈≈≈....#
▓...†.#.≈≈≈≈≈.....#
▓.....#.≈≈≈.......#
▓'#####...........#
▓.@W..............#
▓▓▓▓▓▓▓▓▓▓▓▓▓▓▓▓▓▓▓
∆


You could see a phantom.

Vanquished Creatures
  A human (D)
  2 endoplasms (D)
  2 rats (D)
5 creatures vanquished.

Notes
Turn   | Place    | Note
-------+----------+-------------------------------------------
     0 | D        | greenreed the Gnoll Ice Elementalist began the quest for
                  | the Orb.
     0 | D        | Reached XP level 1. HP: 13/13 MP: 6/6
    29 | D        | Reached skill level 5 in Spellcasting
    32 | D        | Reached skill level 1 in Invocations
    63 | D        | Reached skill level 1 in Fighting
    63 | D        | Reached skill level 1 in Short Blades
    63 | D        | Reached skill level 1 in Long Blades
    63 | D        | Reached skill level 1 in Axes
    63 | D        | Reached skill level 1 in Maces & Flails
    63 | D        | Reached skill level 1 in Polearms
    63 | D        | Reached skill level 1 in Staves
    63 | D        | Reached skill level 1 in Slings
    63 | D        | Reached skill level 1 in Bows
    63 | D        | Reached skill level 1 in Crossbows
    63 | D        | Reached skill level 1 in Throwing
    63 | D        | Reached skill level 1 in Armour
    63 | D        | Reached skill level 1 in Shields
    63 | D        | Reached skill level 1 in Unarmed Combat
    63 | D        | Reached skill level 1 in Conjurations
    63 | D        | Reached skill level 1 in Hexes
    63 | D        | Reached skill level 1 in Summonings
    63 | D        | Reached skill level 1 in Necromancy
    63 | D        | Reached skill level 1 in Translocations
    63 | D        | Reached skill level 1 in Transmutations
    63 | D        | Reached skill level 1 in Fire Magic
    63 | D        | Reached skill level 1 in Air Magic
    63 | D        | Reached skill level 1 in Earth Magic
    63 | D        | Reached skill level 1 in Poison Magic
    63 | D        | Reached skill level 1 in Evocations
    63 | D        | Reached XP level 2. HP: 21/21 MP: 1/8
   161 | D        | Slain by a phantom

Illustrated notes

Levels and vault maps discovered:
D:        dungeon_sprint_mu [sprint_mu_entry_forest, sprint_mu_temple_rooms,
          sprint_mu_d1_spiders, sprint_mu_d2_genie, sprint_mu_d3_branching,
          sprint_mu_orc_legion, sprint_mu_elf_gauntlet, sprint_mu_hive_nellie,
          sprint_mu_lair_fedhas, sprint_mu_vaults_butterflies,
          sprint_mu_slime_circle, sprint_mu_swamp_cave, sprint_mu_shoals_archi,
          sprint_mu_blade_basic, sprint_mu_crypt_chambers,
          sprint_mu_tomb_spiral, sprint_mu_vestibule_basic,
          sprint_mu_gehenna_hellfire, sprint_mu_dis_giant,
          sprint_mu_tartarus_statrot, sprint_mu_cocytus_islands, sprint_mu_zot1]

Skill      XL: |  1 |
---------------+----+-----
Spellcasting   | 5 |  5.2
Invocations    | 1 |  1.8
Fighting       | 1 |  1.6
Short Blades   | 1 |  1.6
Long Blades    | 1 |  1.6
Axes           | 1 |  1.6
Maces & Flails | 1 |  1.6
Polearms       | 1 |  1.6
Staves         | 1 |  1.6
Slings         | 1 |  1.6
Bows           | 1 |  1.6
Crossbows      | 1 |  1.6
Throwing       | 1 |  1.6
Armour         | 1 |  1.6
Shields        | 1 |  1.6
Unarmed Combat | 1 |  1.6
Conjurations   | 1 |  1.3
Hexes          | 1 |  1.3
Summonings     | 1 |  1.3
Necromancy     | 1 |  1.3
Translocations | 1 |  1.3
Transmutations | 1 |  1.3
Fire Magic     | 1 |  1.3
Air Magic      | 1 |  1.3
Earth Magic    | 1 |  1.3
Poison Magic   | 1 |  1.3
Evocations     | 1 |  1.6
Dodging        | |  4.8
Stealth        | |  4.4
Ice Magic      | |  7.2

Action                   || total
-------------------------++-------
Melee: Falchion          ||    14
       Bite              ||     2
 Cast: Freeze            ||     9
  Use: Potion            ||     1
Armor: Robe              ||     4
Dodge: Dodged            ||    11

Table legend: (Time is in decaauts)
 A = Elapsed time spent in this place.
 B = Non-inter-level travel time spent in this place.
 C = Inter-level travel time spent in this place.
 D = Time resting spent in this place.
 E = Time spent auto-exploring this place.
 F = Levels seen in this place.
 G = Mean time per level.
                   A        B        C        D        E       F      G
               +--------+--------+--------+--------+--------+-----+--------+
         Total |    163 |    163 |      0 |      0 |     67 |   1 |  163.0 |
       Dungeon |    163 |    163 |      0 |      0 |     67 |   1 |  163.0 |
               +--------+--------+--------+--------+--------+-----+--------+

Top non-repeatable levels by time:
       D: 163 daAuts
